 Dungeon Crawl Stone Soup version 0.30-a0-457-g4b7bca3bfa (webtiles) character file.

Game seed: 16440641600532998771

1663 pokeman the Thaumaturge (level 8, -1/44 HPs)
             Began as a Deep Elf Hedge Wizard on Dec 12, 2022.
             Killed by divine providence
             ... invoked by an orc priest
              (13 damage)
             ... on level 7 of the Dungeon.
             The game lasted 00:17:01 (5904 turns).

pokeman the Thaumaturge (Deep Elf Hedge Wizard)     Turns: 5904, Time: 00:17:01

Health: -1/44      AC:  4    Str:  7    XL:     8   Next: 69%
Magic:  15/24      EV: 13    Int: 22    God:
Gold:   220        SH:  0    Dex: 20    Spells: 17/28 levels left

rFire   + . .      SeeInvis +    A - +2 sling (flame)
rCold   . . .      Faith    .    (no shield)
rNeg    . . .      Spirit   .    B - +0 leather armour {rF+}
rPois   .          Reflect  .    c - +0 hat
rElec   .          Harm     .    (no cloak)
rCorr   .          Rampage  .    a - +0 pair of gloves
Will    .....                    (no boots)
Stlth   ++........               i - amulet of regeneration
HPRegen 1.07/turn                h - +6 ring of dexterity
MPRegen 0.19/turn                s - ring of see invisible

@: no status effects
A: no striking features
a: no special abilities


You were on level 7 of the Dungeon.
You visited 1 branch of the dungeon, and saw 7 of its levels.

You collected 280 gold pieces.
You spent 60 gold pieces at shops.

Inventory:

Hand Weapons
 f - a +2 dagger of venom
 A - a +2 sling of flaming (weapon)
Missiles
 w - a throwing net
Armour
 a - a +0 pair of gloves (worn)
 c - a +0 hat (worn)
 B - a +0 leather armour of fire resistance (worn)
Jewellery
 h - a +6 ring of dexterity (left hand)
 i - an amulet of regeneration (around neck)
 s - a ring of see invisible (right hand)
Wands
 o - a wand of digging (7)
Scrolls
 j - 5 scrolls of identify {unknown}
 k - a scroll of vulnerability {unknown}
 l - a scroll of acquirement {unknown}
 m - a scroll of immolation {unknown}
 r - a scroll of magic mapping {unknown}
 v - a scroll of enchant weapon {unknown}
 y - a scroll of fog {unknown}
 z - 2 scrolls of teleportation {unknown}
Potions
 b - 4 potions of might {unknown}
 d - a potion of magic
 e - 2 potions of lignification {unknown}
 g - 2 potions of flight {unknown}
 n - 2 potions of cancellation {unknown}
 p - a potion of attraction {unknown}
 q - a potion of berserk rage {unknown}
 t - a potion of mutation {unknown}
 u - a potion of heal wounds
 x - a potion of invisibility {unknown}
 C - a potion of haste {unknown}
 D - a potion of brilliance {unknown}


   Skills:
 + Level 2.0 Fighting
 - Level 3.0 Armour
 - Level 3.0 Dodging
 - Level 3.0 Stealth
 * Level 10.7 Spellcasting
 + Level 5.7 Conjurations
 - Level 1.1 Summonings
 - Level 1.1 Translocations
 - Level 2.1 Ice Magic
 - Level 1.2 Air Magic
 - Level 1.2 Poison Magic
 - Level 1.0 Evocations


You had 17 spell levels left.
You knew the following spells:

 Your Spells              Type           Power      Damage    Failure   Level
a - Magic Dart            Conj           100%       1d8       1%          1
b - Mephitic Cloud        Conj/Pois/Air  23%        N/A       8%          3
c - Call Imp              Summ           16%        N/A       8%          2
d - Blink                 Tloc           32%        N/A       8%          2
e - Hailstorm             Conj/Ice       29%        3d8       4%          3

Your spell library contained the following spells:

 Spells                   Type           Power      Damage    Failure   Level
 Freeze                   Ice            84%        1d9       3%          1
 Apportation              Tloc           32%        N/A       5%          1
 Summon Small Mammal      Summ           64%        N/A       5%          1
 Necrotise                Necr           44%        1d6       9%          1
 Slow                     Hex            44%        N/A       9%          1
 Cigotuvi's Dreadful Rot  Necr/Pois/Air  30%        N/A       9%          2
 Frozen Ramparts          Ice            42%        1d7       11%         3
 Sublimation of Blood     Necr           11%        N/A       12%         2
 Wereblood                Tmut           11%        N/A       12%         2
 Alistair's Intoxication  Tmut/Pois      9%         N/A       87%         5
 Summon Hydra             Summ           8%         N/A       100%        7


Dungeon Overview and Level Annotations

Branches:
Dungeon (7/15)
 Temple: D:4-7

Altars:
Dithmenos
Fedhas
Wu Jian
Xom
Yredelemnul
The Shining One

Shops:
D:4 *


Message History

Fire: A) +2 sling (flame)
Press: ? - help, Q - select action, (/) - cycle Shift-Dir - straight line, f/p - ice beast
Aim: an ice beast (lightly wounded, 63% to hit)
You shoot a sling bullet. The sling bullet hits the ice beast.
The sling bullet melts the ice beast.
The ice beast is moderately wounded.
The ice beast hits you. The ice beast freezes you! The ice beast misses you.
Fire: A) +2 sling (flame)
Press: ? - help, Q - select action, (/) - cycle Shift-Dir - straight line, f/p - ice beast
Aim: an ice beast (moderately wounded, 63% to hit)
You shoot a sling bullet.
The sling bullet barely misses the ice beast.
The sling bullet hits the orc priest.
The sling bullet burns the orc priest.
The orc priest is moderately wounded.
The ice beast hits you but does no damage.
Casting: Mephitic Cloud (dangerous; 8% risk of failure)
Confirm with . or Enter, or press ? or * to list all spells.
Aiming: Mephitic Cloud (dangerous; 8% risk of failure)
Press: ? - help, Shift-Dir - straight line, f/p - ice beast
Aim: an ice beast (moderately wounded, not susceptible) That beam is likely to hit you.
Continue anyway? [Y]es or [N]o only, please.
That beam is likely to hit you.
Continue anyway?
The ball explodes into a vile cloud!
The stinking cloud engulfs the ice beast but does no damage.
The ice beast is moderately wounded.
The stinking cloud engulfs the orc priest but does no damage.
The orc priest is moderately wounded.
The stinking cloud engulfs you but does no damage.
You are engulfed in noxious fumes.
You choke on the stench!
You are confused.
The ice beast hits you. The ice beast freezes you.
* * * LOW HITPOINT WARNING * * *
Unknown command.
Unknown command.
You bump into the rock wall.
You are engulfed in noxious fumes.
You feel less confused.
The orc priest mumbles some strange prayers to Beogh against you.
Beogh smites you!
You die...

#+ ... .... ###
..... ##.##
....)>####...##
......'oY@....#
......####...##
..... ##.##
.... ### ... #+


You could see an ice beast and an orc priest.

Vanquished Creatures
  Duvessa (D:6)
  An ice beast (D:6)
  2 black bears
  2 sky beasts
  A centaur (D:6)
  A phantom (D:3)
  A bullfrog (D:6)
  2 necrophages
  A scorpion (D:4)
  3 wights (D:6)
  A gnoll bouda (D:5)
  4 hounds
  Ijyb (D:3)
  An iguana (D:4)
  An orc wizard (D:7)
  5 adders
  11 gnolls
  A white imp (D:4)
  An ufetubus (D:5)
  2 worms
  3 dart slugs
  5 orcs
  6 bats
  8 endoplasms
  2 giant cockroaches
  4 goblins
  7 hobgoblins
  2 jackals (D:1)
  5 kobolds
  6 quokkas
  A ball python (D:2)
  3 frilled lizards
  A rat (D:1)
96 creatures vanquished.

Vanquished Creatures (collateral kills)
  A wight (D:6)
  Dowan (D:6)
  An orc (D:7)
  A frilled lizard (D:3)
4 creatures vanquished.

Vanquished Creatures (others)
  2 demonic plants (D:1)
  3 fungi (D:1)
  3 plants (D:1)
  A withered plant (D:1)
9 creatures vanquished.

Grand Total: 109 creatures vanquished

Notes
Turn   | Place    | Note
-------+----------+-------------------------------------------
     0 | D:1      | pokeman the Deep Elf Hedge Wizard began the quest for the
                  | Orb.
     0 | D:1      | Reached XP level 1. HP: 10/10 MP: 7/7
   224 | D:1      | Reached XP level 2. HP: 16/16 MP: 5/9
   875 | D:1      | Found a faded altar of an unknown god.
   889 | D:1      | Reached skill level 5 in Spellcasting
  1088 | D:2      | Reached XP level 3. HP: 20/20 MP: 7/11
  1092 | D:2      | Learned a level 3 spell: Mephitic Cloud
  1095 | D:2      | Learned a level 2 spell: Call Imp
  1098 | D:2      | Learned a level 2 spell: Blink
  1102 | D:2      | Learned a level 3 spell: Hailstorm
  1542 | D:2      | Reached skill level 1 in Fighting
  1640 | D:2      | Reached skill level 1 in Armour
  2301 | D:3      | Noticed a phantom
  2335 | D:3      | Killed a phantom
  2336 | D:3      | Reached skill level 6 in Spellcasting
  2336 | D:3      | Reached XP level 4. HP: 14/25 MP: 1/14
  2336 | D:3      | Reached XP level 5. HP: 17/29 MP: 1/15
  2453 | D:3      | Found a basalt altar of Yredelemnul.
  2516 | D:3      | Noticed Ijyb
  2534 | D:3      | Killed Ijyb
  2790 | D:3      | Found a glowing golden altar of the Shining One.
  3248 | D:4      | Noticed a sky beast
  3280 | D:4      | Killed a sky beast
  3281 | D:4      | Reached skill level 1 in Ice Magic
  3281 | D:4      | Reached skill level 1 in Air Magic
  3281 | D:4      | Reached XP level 6. HP: 34/34 MP: 13/17
  3344 | D:4      | Found Ubragrupt's General Store.
  3370 | D:4      | Reached skill level 7 in Spellcasting
  3370 | D:4      | Reached skill level 1 in Poison Magic
  3487 | D:4      | Bought a potion of heal wounds for 60 gold pieces
  3769 | D:4      | You fall into a shaft and drop 1 floor!
  3769 | D:5      | Entered Level 5 of the Dungeon
  3781 | D:5      | Reached XP level 7. HP: 24/38 MP: 13/20
  3784 | D:5      | Reached skill level 1 in Evocations
  3977 | D:5      | Reached skill level 8 in Spellcasting
  4690 | D:4      | Found a shadowy altar of Dithmenos.
  4954 | D:6      | Reached skill level 9 in Spellcasting
  4954 | D:6      | Reached XP level 8. HP: 15/44 MP: 18/23
  5022 | D:6      | Found a shimmering altar of Xom.
  5024 | D:6      | Found an ornate altar of the Wu Jian Council.
  5045 | D:6      | Noticed Duvessa
  5061 | D:6      | Noticed Dowan
  5078 | D:6      | Killed Duvessa
  5079 | D:6      | Reached skill level 5 in Conjurations
  5091 | D:6      | Killed Dowan
  5298 | D:6      | Reached skill level 10 in Spellcasting
  5444 | D:6      | Found a blossoming altar of Fedhas.
  5904 | D:7      | Killed from afar by an orc priest

Illustrated notes

Levels and vault maps discovered:
D:1:      minmay_arrival_arboretum_small, layout_rooms,
          shapermc_ecumenical_altar_gd, serial_curves, eino_curves_04,
          eino_curves_01, eino_curves_01
D:2:      minmay_skewed_foursquare, layout_basic, serial_bayou_lagoon_a,
          nrook_loot_triangle
D:3:      layout_basic, lemuel_doored_altar, mainiacjoe_overflow_boulevard,
          uniq_ijyb
D:4:      layout_basic, nicolae_overflow_crystal_walls, serial_shops, shop,
          chequers_serial_rivers_micro_e, minmay_misc_feat_chi,
          hangedman_minor_gate_pass
D:5:      layout_basic
D:6:      layout_rooms, mainiacjoe_overflow_surrounded_room,
          nicolae_overflow_hidden_temple, dk_vineyard_2, uniq_duvessa
D:7:      layout_loops_corners, minmay_temple_entry_large_hall, serial_shops,
          nicolae_shop_statue_plus

Skill      XL: |  1  2  3  4  5  6  7  8 |
---------------+-------------------------+-----
Spellcasting   | 5 6 7 9 10 | 10.7
Fighting       | 1 2 |  2.0
Armour         | 1 3 |  3.0
Conjurations   | 2 3 4 5 |  5.7
Dodging        | 3 |  3.0
Stealth        | 3 |  3.0
Ice Magic      | 1 2 |  2.1
Air Magic      | 1 |  1.2
Poison Magic   | 1 |  1.2
Evocations     | 1 |  1.0
Summonings     | |  1.1
Translocations | |  1.1

Action                   |  1- 3 |  4- 6 |  7- 9 || total
-------------------------+-------+-------+-------++-------
Melee: Dagger            |    15 |    48 |    42 ||   105
       Punch             |       |     1 |     2 ||     3
 Fire: Sling             |       |       |    54 ||    54
 Cast: Magic Dart        |   118 |    31 |    72 ||   221
       Call Imp          |     1 |     2 |    12 ||    15
       Mephitic Cloud    |       |    16 |    15 ||    31
       Blink             |       |     1 |     4 ||     5
  Use: Potion            |       |       |     1 ||     1
 Stab: Confused          |       |     7 |     8 ||    15
       Sleeping          |       |     1 |       ||     1
Armor: Robe              |     1 |       |       ||     1
       Leather armour    |     8 |     5 |    14 ||    27
Dodge: Dodged            |    14 |    21 |    52 ||    87

Table legend: (Time is in decaauts)
 A = Elapsed time spent in this place.
 B = Non-inter-level travel time spent in this place.
 C = Inter-level travel time spent in this place.
 D = Time resting spent in this place.
 E = Time spent auto-exploring this place.
 F = Levels seen in this place.
 G = Mean time per level.
                   A        B        C        D        E       F      G
               +--------+--------+--------+--------+--------+-----+--------+
         Total |   5930 |   5692 |    238 |     61 |   4592 |   7 |  847.1 |
       Dungeon |   5930 |   5692 |    238 |     61 |   4592 |   7 |  847.1 |
               +--------+--------+--------+--------+--------+-----+--------+

Top non-repeatable levels by time:
     D:2: 1177 daAuts
     D:1: 1042 daAuts
     D:6: 1008 daAuts
     D:3: 979 daAuts
     D:4: 958 daAuts
     D:5: 730 daAuts
     D:7: 34 daAuts
